 Dungeon Crawl Stone Soup version 0.17-a0-1-g1f4be75 (webtiles) character file.

362 McCoppin the Covert (level 6, -2/30 HPs)
             Began as a Felid Monk on Mar 8, 2015.
             Slain by McCoppin's ghost (14 damage)
             ... on level 6 of the Dungeon.
             The game lasted 00:28:28 (7480 turns).

McCoppin the Covert (Felid Monk)                    Turns: 7480, Time: 00:28:28

Health: -2/30      AC:  2    Str:  7    XL:     6   Next: 39%
Magic:  10/10      EV: 20    Int: 12    God:
Gold:   253        SH:  0    Dex: 20    Spells: 0 memorised, 5 levels left
                                        Lives:  0   Deaths: 2

rFire  . . .     SeeInvis +       - Unarmed
rCold  . . .     Clarity  .     (armour unavailable)
rNeg   . . .     SustAb   .     (shield unavailable)
rPois  .         Gourm    .     (helmet unavailable)
rElec  .         Spirit   .     (cloak unavailable)
rCorr  +         Warding  .     (gloves unavailable)
rMut   .         Stasis   .     (boots unavailable)
MR     .....                    k - amulet of resist corrosion
Stlth  +++++.....               (no ring)
                                (no ring)

@: quick, not resistant to hostile enchantments, quite stealthy
A: paw claws, no armour, no weapons or thrown items, fangs 3, see invisible,
carnivore 3, speed 1, shaggy fur 2, slow metabolism 1, sharp paws
a: no special abilities


You were on level 6 of the Dungeon.
You were not hungry.

You visited 1 branch of the dungeon, and saw 6 of its levels.

You collected 253 gold pieces.

Inventory:

Jewellery
 k - an amulet of resist corrosion (around neck)
Magical devices
 a - a wand of magic darts (27)
 d - a wand of random effects (33)
Scrolls
 c - a scroll of fog
 e - a scroll of fear
 g - a scroll of immolation
 h - a scroll of recharging
 i - a scroll of identify
 j - 2 scrolls of remove curse
Potions
 l - a potion of curing
Comestibles
 b - 2 meat rations
 f - 3 beef jerkies


   Skills:
 - Level 5.0 Fighting
 - Level 4.0 Dodging
 + Level 9.3 Stealth
 - Level 5.5 Unarmed Combat


You had 5 spell levels left.
You didn't know any spells.

Dungeon Overview and Level Annotations

Branches:
Dungeon (6/15)
 Temple: D:4-7

Altars:
Vehumet

Shops:
D:4 ?   D:5 }

Annotations:
D:4 Blork the orc
D:6 McCoppin's ghost, experienced FeBe


Innate Abilities, Weirdness & Mutations

You cannot wear armour.
You are incapable of wielding weapons or throwing items.
You have razor-sharp teeth.
You have supernaturally acute eyesight.
You are carnivorous and can eat meat at any time.
You cover ground quickly.
You are covered in thick fur (AC +2).
You have a slow metabolism.
Your paws have sharp claws that are effective at stabbing.


Message History

You see here a scale mail.
A bat comes into view.
McCoppin's ghost turns its malevolent gaze towards you.
McCoppin's ghost hits you!!
Ouch! That really hurt!
You are too injured to fight recklessly!
You are too injured to fight recklessly!
You are too injured to fight recklessly!
You are too injured to fight recklessly!
You scratch McCoppin's ghost. Your bite misses McCoppin's ghost.
McCoppin's ghost is lightly damaged.
McCoppin's ghost closely misses you.
You miss McCoppin's ghost.
McCoppin's ghost is lightly damaged.
McCoppin's ghost screams in joy, "As in life, so in death: Kill!
Kill!!
Kill!!!"
McCoppin's ghost completely misses you.
You miss McCoppin's ghost.
McCoppin's ghost is lightly damaged.
McCoppin's ghost hits you!
You die...

## .### ... #.. .. #
#######.# .. W# ..
#.......# ... ##.. ..
#..# #..###.. S. ##
##@## #...#..# ##.#
#.###W.###......###..#
#..##..##............#
#....##..............#
#..##.................
#....W.............[#.
#...........$......#..
#.#####...............
#.# ###.........###.


You could see McCoppin's ghost.

Vanquished Creatures
  A phantom (D:4)
  A necrophage (D:6)
  An ogre (D:4)
  3 hounds
  A quasit (D:4)
  2 crimson imps (D:5)
  The ghost of McCoppin the Sneak, a weakling FeMo (D:5)
  An orc wizard (D:3)
  A giant frog skeleton (D:4)
  A worker ant (D:4)
  An iguana (D:4)
  Ijyb (D:4)
  5 adders
  A gnoll (D:3)
  2 worms
  An adder skeleton (D:6)
  A giant gecko (D:4)
  9 orcs
  5 ball pythons
  A bat skeleton (D:5)
  4 giant cockroaches (D:3)
  10 goblins
  8 hobgoblins
  17 kobolds
  8 bats
  3 giant newts
  7 jackals
  8 rats
105 creatures vanquished.

Notes
Turn   | Place    | Note
--------------------------------------------------------------
     0 | D:1      | McCoppin, the Felid Monk, began the quest for the Orb.
     0 | D:1      | Reached XP level 1. HP: 10/10 MP: 2/2
   271 | D:1      | Reached XP level 2. HP: 4/14 MP: 3/3
  1775 | D:2      | Reached XP level 3. HP: 2/18 MP: 5/5
  2879 | D:4      | Found Haopuen's Magic Scroll Boutique.
  2993 | D:3      | Reached XP level 4. HP: 19/22 MP: 7/7
  3002 | D:3      | Reached skill level 5 in Unarmed Combat
  4151 | D:3      | Slain by a hound
  4152 | D:3      | Reached XP level 3. HP: -3/18 MP: 5/5
  4172 | D:3      | Reached XP level 4. HP: 22/22 MP: 7/7
  4193 | D:3      | Reached skill level 5 in Fighting
  4193 | D:3      | Reached XP level 5. HP: 10/26 MP: 8/8
  4551 | D:4      | Noticed Ijyb
  4562 | D:4      | Killed Ijyb
  4725 | D:4      | Noticed a phantom
  4790 | D:4      | Reached skill level 5 in Stealth
  4913 | D:4      | Noticed Blork the orc
  4917 | D:4      | Found a radiant altar of Vehumet.
  5294 | D:4      | Gained mutation: You are covered in thick fur (AC +2). [growing up]
  5294 | D:4      | Reached XP level 6. HP: 30/30 MP: 10/10
  5379 | D:4      | Noticed a phantom
  5385 | D:4      | Killed a phantom
  5385 | D:4      | Reached skill level 6 in Stealth
  5407 | D:4      | Noticed an ogre
  5570 | D:4      | Killed an ogre
  5570 | D:4      | Reached skill level 7 in Stealth
  5734 | D:5      | Entered Level 5 of the Dungeon
  5755 | D:5      | Noticed McCoppin's ghost (weakling FeMo)
  5764 | D:5      | Killed McCoppin's ghost
  5914 | D:5      | Found Ipegollijih's Gadget Boutique.
  5996 | D:5      | Reached skill level 8 in Stealth
  5996 | D:5      | Reached XP level 7. HP: 33/33 MP: 12/12
  6806 | D:4      | Noticed a phantom
  6929 | D:6      | Reached skill level 9 in Stealth
  7400 | D:6      | Slain by a centaur
  7401 | D:6      | Reached XP level 6. HP: -1/27 MP: 10/10
  7442 | D:6      | Noticed McCoppin's ghost (experienced FeBe)
  7480 | D:6      | Slain by McCoppin's ghost

Action                   |  1- 3 |  4- 6 |  7- 9 || total
-------------------------+-------+-------+-------++-------
Melee: Unarmed           |   126 |   156 |    45 ||   327
Evoke: Wand              |       |     2 |       ||     2
  Use: Potion            |     1 |     6 |       ||     7
       Scroll            |       |    10 |       ||    10
 Stab: Sleeping          |     6 |    11 |       ||    17
       Distracted        |     1 |       |       ||     1
  Eat: Chunk             |     4 |    17 |       ||    21
